 Dungeon Crawl Stone Soup version 0.29-a0-1052-g6990b1bffc (webtiles) character file.

Game seed: 3031501047782177776

163 Zeldest the Covert (level 5, -3/32 HPs)
             Began as a Vampire Delver on Aug 17, 2022.
             Was an Initiate of Dithmenos.
             Slain by a scorpion (7 damage)
             ... on level 5 of the Dungeon.
             The game lasted 00:03:26 (534 turns).

Zeldest the Covert (Vampire Delver)                  Turns: 534, Time: 00:03:27

Health: -3/32      AC:  3    Str: 11    XL:     5   Next: 20%
Magic:  5/5        EV: 13    Int: 12    God:    Dithmenos [......]
Gold:   8          SH:  0    Dex: 18    Spells: 4/4 levels left

rFire   . . .      SeeInvis +   j - +0 rapier
rCold   + + .      Faith    .   (no shield)
rNeg    + + +      Spirit   .   b - +0 leather armour
rPois   ∞          Reflect  .   (no helmet)
rElec   .          Harm     .   (no cloak)
rCorr   .          Rampage  .   (no gloves)
Will    .....                   (no boots)
Stlth   ++++++....              (no amulet)
HPRegen 0.00/turn               (no ring)
MPRegen 0.09/turn               (no ring)

@: bloodless, inhibited regen
A: bloodless, fangs 3, see invisible, vampiric 2
a: Bat Form, Revivify, Renounce Religion


You were on level 5 of the Dungeon.
You worshipped Dithmenos.
Dithmenos was noncommittal.
You visited 2 branches of the dungeon, and saw 3 of its levels.

You collected 8 gold pieces.

Inventory:

Hand Weapons
 a - a +0 short sword
 j - a +0 rapier (weapon)
Armour
 b - a +0 leather armour (worn)
Wands
 c - a wand of mindburst (6)
 g - a wand of digging (3)
Scrolls
 d - a scroll of magic mapping


   Skills:
 + Level 3.3 Fighting
 + Level 3.2 Short Blades
 + Level 3.2 Dodging
 * Level 8.9 Stealth


You had 4 spell levels left.
You didn't know any spells.
Your spell library was empty.

Dungeon Overview and Level Annotations

Branches:
Dungeon (6/15)             Temple (1/1) D:6

Altars:
Ashenzari
Cheibriados
Dithmenos
Fedhas
Gozag
Hepliaklqana
Kikubaaqudgha
Nemelex Xobeh
Okawaru
Qazlal
Ru
Xom
Yredelemnul


Innate Abilities, Weirdness & Mutations

You do not regenerate when monsters are visible.
You are frail without blood (-20% HP).
You can heal yourself when you bite living creatures.
You are immune to poison.
You have razor-sharp teeth.
You have supernaturally acute eyesight. (SInv)
You are afflicted with vampirism and can become a bat while bloodless.


Message History

The shadow imp barely misses you.
You barely miss the shadow imp. Your bite misses the shadow imp.
You hit the shadow imp.
The shadow imp is moderately wounded.
The shadow imp closely misses you.
You hit the shadow imp.
The shadow imp is severely wounded.
The shadow imp barely misses you.
You hit the shadow imp but do no damage.
The shadow imp is severely wounded.
A scorpion comes into view.
The shadow imp misses you.
You closely miss the shadow imp.
The shadow imp is severely wounded.
The shadow imp picks up a beetle and eats it.
The shadow imp closely misses you.
You hit the shadow imp but do no damage.
The shadow imp is severely wounded.
The shadow imp closely misses you.
You aren't carrying any potions.
You hit the shadow imp.
The shadow imp is almost dead.
The shadow imp barely misses you.
Okay, then.
The shadow imp attacks as you move away!
The shadow imp hits you.
* * * LOW HITPOINT WARNING * * *
There is a stone staircase leading down here.
There's nothing to close nearby.
Aiming: Mindburst
Press: ? - help, Shift-Dir - straight line, f - shadow imp
Aim: a shadow imp (almost dead, chance to affect: 72%)
The shadow imp's mind is blasted!
You blow up the shadow imp!
Dithmenos accepts your kill.
Aiming: Mindburst
Press: ? - help, Shift-Dir - straight line, f - scorpion
Aim: a scorpion (chance to affect: 64%)
The scorpion's mind is blasted!!
The scorpion stings you!
You die...

#
#..#.#######.#
#.).s@.....#
#...########.#
... .


You could see a scorpion.

Vanquished Creatures
  An ogre (D:6)
  A necrophage (D:6)
  A shadow imp (D:5)
  An ufetubus (D:6)
4 creatures vanquished.

Notes
Turn   | Place    | Note
-------+----------+-------------------------------------------
     0 | D:5      | Zeldest the Vampire Delver began the quest for the Orb.
     0 | D:5      | Reached XP level 1. HP: 17/17 MP: 1/1
    54 | D:6      | Found a staircase to the Ecumenical Temple.
    63 | Temple   | Entered the Ecumenical Temple
   158 | Temple   | Became a worshipper of Dithmenos the Shadowed
   365 | D:6      | Noticed an ogre
   371 | D:6      | Killed an ogre
   372 | D:6      | Reached skill level 8 in Stealth
   372 | D:6      | Reached XP level 2. HP: 19/19 MP: 2/2
   372 | D:6      | Gained mutation: You are afflicted with vampirism and can
                  | become a bat while bloodless. [Vampire growth]
   372 | D:6      | Reached XP level 3. HP: 23/23 MP: 3/3
   372 | D:6      | Reached XP level 4. HP: 28/28 MP: 4/4
   374 | D:6      | Noticed a black bear
   446 | D:6      | Noticed a necrophage
   465 | D:6      | Killed a necrophage
   466 | D:6      | Reached XP level 5. HP: 8/32 MP: 5/5
   472 | D:6      | Noticed an ice beast
   508 | D:6      | Noticed a centaur
   534 | D:5      | Slain by a scorpion

Illustrated notes

Levels and vault maps discovered:
D:5:      layout_loops_ring, nicolae_vehumet_radiance, hex_tiny, uniq_menkaure,
          uniq_blork_the_orc
D:6:      layout_basic, temple_hall, minmay_door_square, nicolae_water_bricks,
          minmay_a_box_with_orc_wizards_in_it
Temple:   minmay_temple_bridge_d

Skill      XL: |  1  2  3  4 |
---------------+-------------+-----
Fighting       | 3 |  3.3
Stealth        | 8 |  8.9
Short Blades   | 3 |  3.2
Dodging        | 3 |  3.2

Action                   |  1- 3 |  4- 6 || total
-------------------------+-------+-------++-------
Melee: Short sword       |     3 |     6 ||     9
       Rapier            |       |    22 ||    22
       Bite              |       |     2 ||     2
 Abil: Exsanguinate      |     1 |       ||     1
Evoke: Wand              |       |     2 ||     2
  Use: Potion            |     1 |     3 ||     4
       Scroll            |     1 |     2 ||     3
 Stab: Sleeping          |     1 |       ||     1
Armor: Leather armour    |       |     8 ||     8
Dodge: Dodged            |     1 |    28 ||    29

Table legend: (Time is in decaauts)
 A = Elapsed time spent in this place.
 B = Non-inter-level travel time spent in this place.
 C = Inter-level travel time spent in this place.
 D = Time resting spent in this place.
 E = Time spent auto-exploring this place.
 F = Levels seen in this place.
 G = Mean time per level.
                   A        B        C        D        E       F      G
               +--------+--------+--------+--------+--------+-----+--------+
         Total |    505 |    421 |     84 |      0 |     56 |   3 |  168.3 |
       Dungeon |    337 |    336 |      1 |      0 |      0 |   2 |  168.5 |
        Temple |    167 |     84 |     83 |      0 |     56 |   1 |  167.0 |
               +--------+--------+--------+--------+--------+-----+--------+

Top non-repeatable levels by time:
     D:6: 290 daAuts
  Temple: 167 daAuts
     D:5: 46 daAuts
